 Dungeon Sprint DCSS version 0.19-a0-1922-g1e9a4c1 (webtiles) character file.

103 poirepourri the Twirler (level 4, -6/29 HPs)
             Began as a Gargoyle Gladiator on Oct 24, 2016.
             Mangled by a water elemental (18 damage)
             ... in the Dungeon (Sprint III: "The Ten Rune Challenge").
             The game lasted 00:00:40 (175 turns).

poirepourri the Twirler (Gargoyle Gladiator)         Turns: 175, Time: 00:00:41

Health: -6/29      AC:  7    Str: 19    XL:     4   Next: 79%
Magic:  4/4        EV: 13    Int:  8    God:
Gold:   19         SH:  0    Dex: 11    Spells: 0 memorised, 3 levels left

rFire  . . .     SeeInvis .     a - +0 quarterstaff
rCold  . . .     Gourm    .     b - +0 leather armour
rNeg   + . .     Faith    .     (shield currently unavailable)
rPois  ∞         Spirit   .     c - +0 helmet
rElec  +         Reflect  .     (no cloak)
rCorr  .         Harm     .     (no gloves)
MR     .....     NoTele   +     (no boots)
Stlth  +.........               (no amulet)
                                (no ring)
                                (no ring)

@: engulfed
A: negative energy resistance 1, electricity resistance, unbreathing,
petrification resistance, rot immunity, AC +3
a: no special abilities


You were in the Dungeon.
You were not hungry.

You visited 1 branch You collected 19 gold pieces.

Inventory:

Hand Weapons
 a - a +0 quarterstaff (weapon)
Missiles
 d - 3 throwing nets (quivered)
Armour
 b - a +0 leather armour (worn)
 c - a +0 helmet (worn)
Wands
 l - a wand of slowing (9/48)
Scrolls
 k - a scroll of blinking
 n - a scroll of torment {unknown}
 o - 4 scrolls of identify
 p - 2 scrolls of remove curse
 t - a scroll of holy word {unknown}
 u - a scroll of magic mapping {unknown}
Potions
 e - a potion of curing
 g - a potion of heal wounds
 h - a potion of haste
 i - 2 potions of magic
 j - a potion of berserk rage
 m - 2 potions of mutation {unknown}
 r - 2 potions of cure mutation
 s - 3 potions of flight
 w - a potion of brilliance {unknown}
Comestibles
 f - a bread ration
 q - a meat ration
 v - a royal jelly


   Skills:
 + Level 3.9 Fighting
 + Level 7.0 Staves
 + Level 2.8 Throwing
 + Level 4.8 Dodging


You had 3 spell levels left.
You didn't know any spells.

Dungeon Overview and Level Annotations

Branches:
Dungeon (1/1)

Altars:


Innate Abilities, Weirdness & Mutations

You are resistant to torment.
Your stone body is resilient. (AC +3)
You are immune to poison.
You resist negative energy. (rN+)
You are resistant to electric shocks. (rElec)
You can survive without breathing.
You are immune to petrification.
You are immune to rotting.


Message History

m - 2 smoky brown potions (gained 1);
t - a scroll labeled JEDUIMETZU
o - 4 scrolls of identify (gained 2);
u - a scroll labeled UNIWKI ECEK
v - a royal jelly;
w - a grey potion;
s - 3 potions of flight (gained 2)
You now have 19 gold pieces (gained 12).
There is an open door here.
You see here a human corpse.
You start resting.
HP restored.
You open the door.
A water elemental comes into view.
The water elemental hits you.
The water elemental engulfs you in water!
There is an open door to the Ecumenical Temple here.
You barely miss the water elemental. The water elemental misses you.
You barely miss the water elemental. The water elemental hits you!
You hit the water elemental.
The water elemental is moderately damaged.
The water elemental hits you!!
Ouch! That really hurt!
You die...

▓▓▓▓▓▓▓ ▓▓▓ ..#(..####
##.# ..#......#####..#
.##....)..#..#..#
#.##.##...#..#..###+#+##
#.##.###..##'#..#.......
.####.##..###...@.⌠.....
###..##.†####...#E..####
.....##..###....#.⌠.#
##..##...##.....#...#
#..##....#†.....#+###
..###..##.#.....# (. #..
####....# ▓▓ ▓▓▓ ▓▓▓▓▓▓


You could see a water elemental.

Vanquished Creatures
  A scorpion (D)
  Jessica (D)
  A human (D)
  2 oozes (D)
  A rat (D)
6 creatures vanquished.

Vanquished Creatures (others)
  6 hellions (D)
  A yaktaur (D)
7 creatures vanquished.

Grand Total: 13 creatures vanquished

Notes
Turn   | Place    | Note
-------+----------+-------------------------------------------
     0 | D        | poirepourri the Gargoyle Gladiator began the quest for the Orb.
     0 | D        | Reached XP level 1. HP: 12/12 MP: 1/1
    19 | D        | Reached skill level 4 in Staves
    19 | D        | Reached XP level 2. HP: 16/18 MP: 2/2
    53 | D        | Noticed Jessica
    58 | D        | Killed Jessica
    58 | D        | Reached skill level 5 in Staves
    58 | D        | Reached XP level 3. HP: 23/23 MP: 3/3
    72 | D        | Noticed a scorpion
    92 | D        | Killed a scorpion
    92 | D        | Reached skill level 7 in Staves
    92 | D        | Reached XP level 4. HP: 21/29 MP: 4/4
    97 | D        | Killed a hellion
    98 | D        | Killed a hellion
    99 | D        | Killed a hellion
   119 | D        | Killed a hellion
   121 | D        | Killed a hellion
   121 | D        | Killed a hellion
   123 | D        | Killed a yaktaur
   171 | D        | Noticed a water elemental
   175 | D        | Mangled by a water elemental

Vault maps used:
D:        dungeon_sprint_mu

Skill      XL: |  1  2  3 |
---------------+----------+-----
Throwing       | 2 |  2.8
Staves         | 4 5 7 |  7.0
Dodging        | 3 4 |  4.8
Fighting       | 3 |  3.9

Action                   |  1- 3 |  4- 6 || total
-------------------------+-------+-------++-------
Melee: Quarterstaff      |    31 |     3 ||    34
Armor: Leather armour    |     4 |       ||     4
Dodge: Dodged            |    21 |     1 ||    22
